 Dungeon Crawl Stone Soup version 0.31-a0-246-g8cbcc1cb85 (webtiles) character file.

Game seed: 8351717211619496871

23 qw the Shooter (level 2, 0/17 HPs)
             Began as a Gargoyle Hexslinger on July 12, 2023.
             Slain by a rat (1 damage)
             ... on level 1 of the Dungeon.
             The game lasted 00:00:20 (972 turns).

qw the Shooter (Gargoyle Hexslinger)                 Turns: 972, Time: 00:00:20

Health: 0/17       AC:  5    Str: 11    XL:     2   Next: 95%
Magic:  3/3        EV: 11    Int: 13    God:
Gold:   78         SH:  0    Dex: 12    Spells: 2/3 levels left

rFire   + . .        Y - +1 sling
rCold   . . .        (no shield)
rNeg    + . .        g - +0 leather armour
rPois   inf          (no helmet)
rElec   +            (no cloak)
rCorr   .            (no gloves)
SInv    .            (no boots)
Will    .....        (no amulet)
Stlth   +            j - ring of protection from fire
HPRegen 0.22/turn    (no ring)
MPRegen 0.08/turn

%: no passive effects
@: about to teleport
A: sickness immunity, AC +2, negative energy resistance 1, electricity
resistance, torment resistance 1, petrification resistance
a: no special abilities


You were on level 1 of the Dungeon.
You visited 1 branch of the dungeon, and saw 2 of its levels.

You collected 78 gold pieces.


Innate Abilities, Weirdness & Mutations

You are immune to sickness and miasma.
Your stone body is resilient. (AC +2)
You are immune to poison.
You resist negative energy. (rN+)
You are resistant to electric shocks. (rElec)
You are resistant to unholy torment.
You are immune to petrification.


   Skills:
 + Level 1.9 Fighting
 - Level 3.0 Ranged Weapons
 - Level 1.5 Dodging
 - Level 1.0 Spellcasting
 - Level 2.6 Hexes


You had 2 spell levels left.
You knew the following spells:

 Your Spells              Type           Power      Damage    Failure   Level
a - Slow                  Hex            28%        N/A       12%         1

Your spell library contained the following spells:

 Spells                   Type           Power      Damage    Failure   Level
 Inner Flame              Hex/Fire       4%         N/A       54%         3
 Portal Projectile        Hex/Tloc       8%         N/A       54%         3
 Cause Fear               Hex            3%         N/A       77%         4

Inventory:

Hand Weapons
 Y - a +1 sling (weapon)
Armour
 g - a +0 leather armour (worn)
Jewellery
 f - a ring of ice
 j - a ring of protection from fire (left hand)
Potions
 e - a potion of berserk rage {unknown}
 i - a potion of mutation {unknown}
 k - a potion of might {unknown}

Dungeon Overview and Level Annotations

Branches:
Dungeon (2/15)

Altars:


Message History

The adder is heavily wounded.
The goblin hits you with a +0 dagger. The rat bites you.
The adder closely misses you. The goblin hits you but does no damage.
The rat closely misses you. The adder completely misses you.
You shoot a sling bullet.
The sling bullet closely misses the adder.
The adder misses you. The rat bites you but does no damage.
The goblin misses you.
You shoot a sling bullet.
The sling bullet closely misses the adder.
The adder bites you but does no damage. The rat closely misses you.
The goblin closely misses you. The adder barely misses you.
You shoot a sling bullet.
The sling bullet barely misses the adder.
The adder misses you. The goblin barely misses you. The rat misses you.
The adder bites you but does no damage. The rat misses you.
The goblin hits you but does no damage.
You shoot a sling bullet. The sling bullet misses the adder.
The adder barely misses you. The rat bites you but does no damage.
The goblin hits you with a +0 dagger. The adder closely misses you.
You shoot a sling bullet.
The sling bullet barely misses the adder.
The adder bites you. The goblin hits you but does no damage.
The rat bites you but does no damage.
You shoot a sling bullet. The sling bullet misses the adder.
The adder bites you but does no damage. The goblin hits you but does no damage.
The rat bites you. The adder barely misses you. The goblin barely misses you.
The rat barely misses you.
You shoot a sling bullet. The sling bullet misses the adder.
The adder closely misses you. The rat bites you but does no damage.
The goblin hits you with a +0 dagger. The adder bites you but does no damage.
971 ||| READING scroll of teleportation.
As you read the scroll of teleportation, it crumbles to dust.
You feel strangely unstable. The adder closely misses you.
The goblin barely misses you. The rat bites you.
You shoot a sling bullet. The sling bullet hits the adder.
The adder is heavily wounded.
The adder bites you but does no damage. The goblin hits you but does no damage.
The rat bites you.
You die...

........#.#.............^.....#
#######.#%#.#################.###
#.#....................)..#
#.#...............%.#######
#.#.###############.#######
#.#.#...................... ####
#.#.#.#)........#...######.
...####.#.#.#.####...............
....)..........r@g..#.##..#######
...####.#.#.#..S....#............
...# #..)..#.#..##.#.#...#######
...# #.....#.#..................
...# #.....#.##.#.##..#%###.....
#### #.....#..................%#
#######.....####.#.##..#.######.#
......#.....#.......#..#.# #....
.####.#.....#.##.#..#..#.# #.#.#


You could see an adder, a goblin and a rat.

Vanquished Creatures
  An endoplasm (D:1)
  A giant cockroach (D:1)
  2 goblins (D:1)
  A hobgoblin (D:1)
  4 jackals (D:1)
  6 bats (D:1)
  4 kobolds (D:1)
  3 rats (D:1)
22 creatures vanquished.

Notes
Turn   | Place    | Note
-------+----------+-------------------------------------------
     0 | D:1      | qw the Gargoyle Hexslinger began the quest for the Orb.
     0 | D:1      | Reached XP level 1. HP: 12/12 MP: 2/2
     0 | D:1      | 0 ||| qw: Version: 0.3-a-52-g30416fa
     0 | D:1      | 0 ||| qw: Game counter: 6234
     0 | D:1      | 0 ||| qw: Melee chars always use a shield: true
     0 | D:1      | 0 ||| qw: God list: Okawaru
     0 | D:1      | 0 ||| qw: Allow faded altars: false
     0 | D:1      | 0 ||| qw: Do Orc after clearing Dungeon:15 true
     0 | D:1      | 0 ||| qw: Do second Lair branch before Depths: true
     0 | D:1      | 0 ||| qw: Lair rune preference: random
     0 | D:1      | 0 ||| qw: Goals: Normal
     0 | D:1      | 0 ||| PLANNING D:1-11
    11 | D:1      | Noticed a minotaur skeleton
    74 | D:1      | Reached XP level 2. HP: 16/16 MP: 3/3
   170 | D:1      | Reached skill level 3 in Ranged Weapons
   566 | D:1      | Found a faded altar of an unknown god.
   900 | D:1      | 900 ||| UPGRADING to +0 leather armour.
   910 | D:1      | 910 ||| DROPPING +0 robe.
   911 | D:1      | 911 ||| UPGRADING to ring of protection from fire.
   912 | D:1      | 912 ||| READING 2 scrolls labelled FIECLY OGECA.
   917 | D:1      | 917 ||| READING scroll labelled KIOCSAS QASU.
   918 | D:1      | 918 ||| DROPPING scroll of poison.
   941 | D:2      | 941 ||| STAIRDANCE
   959 | D:2      | 959 ||| STAIRDANCE
   970 | D:1      | HP: 3/17 [goblin/+0 dagger (2)]
   971 | D:1      | 971 ||| READING scroll of teleportation.
   971 | D:1      | HP: 1/17 [rat (2)]
   972 | D:1      | Slain by a rat

Levels and vault maps discovered:
D:1:      shiori_arrival_whats_in_store_for_you, layout_basic,
          dilly_ecumenical_altar_fadedgnrine
D:2:      layout_loops_cross, minmay_vboxes, uniq_jessica

Skill      XL: |  1  2 |
---------------+-------+-----
Ranged Weapons | 3 |  3.0
Fighting       | |  1.9
Dodging        | |  1.5
Spellcasting   | |  1.0
Hexes          | |  2.6

Action                     || total
---------------------------++-------
   Fire: Sling             ||    74
    Use: Scroll            ||     3
 Armour: Robe              ||     9
         Leather armour    ||    16
  Dodge: Dodged            ||    65

Table legend:
 A = Non-vault XP
 B = Vault XP
 C = Vault XP percentage of total XP
 D = Non-vault monster count
 E = Vault monster count
 F = Vault count percentage of total count
                 A         B        C        D         E       F
            +---------+---------+-------+---------+---------+-------
      Total |      33 |       0 |   0.0 |      22 |       0 |   0.0
            +---------+---------+-------+---------+---------+-------
        D:1 |      33 |       0 |   0.0 |      22 |       0 |   0.0
            +---------+---------+-------+---------+---------+-------
